 Dungeon Crawl Stone Soup version 0.30-a0-553-g7fabdf1491 (webtiles) character file.

Game seed: 12009960507331906172

311 oldriver the Sneak (level 6, 0/56 HPs)
             Began as a Naga Artificer on Dec 26, 2022.
             Slain by a gnoll
             ... wielding a +0 halberd
              (7 damage)
             ... on level 5 of the Dungeon.
             The game lasted 00:06:16 (4247 turns).

oldriver the Sneak (Naga Artificer)                 Turns: 4247, Time: 00:06:16

Health: 0/56       AC:  3    Str: 14    XL:     6   Next: 42%
Magic:  6/6        EV:  9    Int: 11    God:
Gold:   331        SH:  0    Dex: 14    Spells: 5/5 levels left

rFire   . . .      SeeInvis +    m - +3 flail (drain)
rCold   . . .      Faith    .    (no shield)
rNeg    . . .      Spirit   .    b - +0 leather armour
rPois   +          Reflect  .    (no helmet)
rElec   .          Harm     .    (no cloak)
rCorr   .          Rampage  .    (no gloves)
Will    .....                    (no barding)
Stlth   +++                      (no amulet)
HPRegen 0.29/turn                (no ring)
MPRegen 0.10/turn                (no ring)

@: very slow
A: AC +2, large, see invisible, deformed body, poison resistance, slowness 2,
spit poison 1, naga tail 1
a: Spit Poison


You were on level 5 of the Dungeon.
You visited 1 branch of the dungeon, and saw 5 of its levels.

You collected 331 gold pieces.

Inventory:

Hand Weapons
 m - a +3 flail of draining (weapon)
Missiles
 j - 8 poisoned darts
Armour
 b - a +0 leather armour (worn)
 u - a +0 ring mail of positive energy
Wands
 c - a wand of flame (14)
 d - a wand of charming (13)
 e - a wand of iceblast (3)
Scrolls
 a - 3 scrolls of teleportation {unknown}
 f - 2 scrolls of enchant armour {unknown}
 g - a scroll of amnesia {unknown}
 h - 3 scrolls of fog {unknown}
 i - 4 scrolls of identify {unknown}
 k - a scroll of silence {unknown}
 o - 2 scrolls of vulnerability {unknown}
 q - a scroll of magic mapping {unknown}
 s - a scroll of noise {unknown}
Potions
 l - 2 potions of curing {unknown}
 n - 2 potions of attraction {unknown}
 p - a potion of mutation {unknown}
 r - a potion of lignification {unknown}
 t - a potion of degeneration {unknown}
 v - a potion of resistance {unknown}


   Skills:
 + Level 3.2 Fighting
 * Level 3.0 Maces & Flails
 - Level 1.5 Armour
 - Level 0.7 Dodging
 + Level 5.3 Stealth
 - Level 4.0 Evocations


You had 5 spell levels left.
You didn't know any spells.
Your spell library contained the following spells:

 Spells                   Type           Power      Damage    Failure   Level
 Dazzling Flash           Conj/Hex       0%         N/A       78%         3
 Iskenderun's Mystic Bla  Conj/Tloc      0%         2d3       99%         4
 Leda's Liquefaction      Hex/Erth       0%         N/A       99%         4
 Lee's Rapid Deconstruct  Erth           0%         3d4*      100%        5
 Starburst                Conj/Fire      0%         6d3       100%        6
 Statue Form              Tmut/Erth      0%         N/A       100%        6


Dungeon Overview and Level Annotations

Branches:
Dungeon (5/15)
 Temple: D:4-7

Altars:
Elyvilon
Okawaru
Uskayaw

Shops:
D:1 =


Innate Abilities, Weirdness & Mutations

Your serpentine skin is tough. (AC +2)
You have supernaturally acute eyesight. (SInv)
Armour fits poorly on your strangely shaped body.
Your system is resistant to poisons. (rPois)
You cover ground very slowly.
You can spit poison.
You have a snake-like lower body.


Message History

The gnoll is almost dead.
You kill the gnoll!
Your Maces & Flails skill increases to level 3!
Throw: 11 darts (poison)
Press: ? - help, Shift-Dir - straight line, f - gnoll
Aim: a gnoll, wielding a +0 halberd (63% to hit)
You throw a poisoned dart. The poisoned dart hits the gnoll.
The gnoll is poisoned.
The gnoll hits you from afar with a +0 halberd.
Throw: 10 darts (poison)
Press: ? - help, Shift-Dir - straight line, f/p - gnoll
Aim: a gnoll, wielding a +0 halberd (poisoned, 63% to hit)
You throw a poisoned dart. The poisoned dart hits the gnoll.
The gnoll closely misses you.
Throw: 9 darts (poison)
Press: ? - help, Shift-Dir - straight line, f/p - gnoll
Aim: a gnoll, wielding a +0 halberd (poisoned, 63% to hit)
You throw a poisoned dart.
The poisoned dart closely misses the gnoll.
The gnoll closely misses you.
Aiming: Throw Flame
Press: ? - help, Shift-Dir - straight line, f/p - gnoll
Aim: a gnoll, wielding a +0 halberd (lightly wounded, poisoned, 75% to hit)
Okay, then.
Aiming: Charm
Press: ? - help, Shift-Dir - straight line, f/p - gnoll
Aim: a gnoll, wielding a +0 halberd (lightly wounded, poisoned, chance to affect: 67%)
The black bear resists with significant effort.
The black bear misses you. The black bear claws you. x2
The gnoll hits you from afar with a +0 halberd!
* * * LOW HITPOINT WARNING * * *
Aiming: Charm
Press: ? - help, Shift-Dir - straight line, f - black bear, p - gnoll
Aim: a black bear (chance to affect: 59%)
The black bear resists with significant effort.
The black bear bites you.
* * * LOW HITPOINT WARNING * * *
The black bear barely misses you. The black bear closely misses you.
The gnoll hits you from afar with a +0 halberd!
You die...

### ###### ###
#.###.##.####.##
#...............
#.###.##.####.#. #.#
#.##.# #... # #.# #.##.#
#.#.
....######.###.##.#.##.#.
.(....gh@................
....##.###..........##...
. #. #..##.##........ #.
#..##.##...##... #.
##............... #>
......##...##... #.
#...............
#..##..##....#..#...
#..##..#####.#..#.##


You could see a black bear and a gnoll (poisoned).

Vanquished Creatures
  3 hounds
  Terence (D:2)
  6 adders
  6 gnolls (D:5)
  A worm (D:2)
  2 dart slugs (D:1)
  5 orcs (D:5)
  4 endoplasms
  4 giant cockroaches
  7 goblins
  8 hobgoblins
  3 jackals (D:2)
  3 quokkas
  16 ball pythons
  5 bats
  4 frilled lizards
  A kobold (D:4)
  2 rats (D:2)
81 creatures vanquished.

Notes
Turn   | Place    | Note
-------+----------+-------------------------------------------
     0 | D:1      | oldriver the Naga Artificer began the quest for the Orb.
     0 | D:1      | Reached XP level 1. HP: 18/18 MP: 1/1
   225 | D:1      | Reached skill level 2 in Stealth
   280 | D:1      | Reached XP level 2. HP: 25/25 MP: 2/2
   306 | D:1      | Found a faded altar of an unknown god.
   320 | D:1      | Found Faut's Jewellery Boutique.
   761 | D:1      | Reached XP level 3. HP: 32/32 MP: 3/3
   951 | D:1      | Reached skill level 3 in Stealth
  1188 | D:2      | Noticed Terence
  1535 | D:2      | Killed Terence
  1536 | D:2      | Reached XP level 4. HP: 8/39 MP: 4/4
  1971 | D:3      | Found a white marble altar of Elyvilon.
  2088 | D:3      | Reached skill level 4 in Stealth
  2726 | D:4      | Identified the +0 ring mail "Ylemn" {rElec}
  2823 | D:4      | Found an iron altar of Okawaru.
  2933 | D:4      | Reached skill level 1 in Maces & Flails
  2933 | D:4      | Reached XP level 5. HP: 31/46 MP: 5/5
  3616 | D:5      | Entered Level 5 of the Dungeon
  3745 | D:5      | Reached XP level 6. HP: 52/56 MP: 6/6
  3790 | D:5      | Reached skill level 5 in Stealth
  3913 | D:5      | Found a hide-covered altar of Uskayaw.
  4235 | D:5      | Noticed a black bear
  4247 | D:5      | Slain by a gnoll

Illustrated notes

Levels and vault maps discovered:
D:1:      noname_arrival_rooms_in_the_neighbourhood, layout_loops_ring,
          serial_shops, shop, shapermc_ecumenical_altar_totnotflames,
          fountainhead
D:2:      layout_rooms, serial_bayou_pond_d, uniq_terence
D:3:      layout_loops_ring, elyvilon_altar_3, minivault_25,
          nicolae_concentric_dashed_squares_wild
D:4:      layout_basic, amcnicky_altar_gilded, grunt_ministairs_11,
          minmay_snake_closets
D:5:      layout_basic, eat_drink_and_be_merry_uskayaw, hangedman_decor_lopped

Skill      XL: |  1  2  3  4  5  6 |
---------------+-------------------+-----
Stealth        | 2 3 4 5 |  5.3
Fighting       | 2 3 |  3.2
Maces & Flails | 1 2 3 |  3.0
Evocations     | 4 |  4.0
Armour         | |  1.5
Dodging        | |  0.7

Action                   |  1- 3 |  4- 6 || total
-------------------------+-------+-------++-------
Melee: Club              |    57 |       ||    57
       Punch             |     4 |       ||     4
       Flail             |       |    73 ||    73
Throw: Dart              |     3 |     5 ||     8
 Abil: Spit Poison       |    40 |    28 ||    68
Evoke: Wand              |     2 |     3 ||     5
 Stab: Sleeping          |       |     3 ||     3
Armor: Leather armour    |    25 |    35 ||    60
Dodge: Dodged            |    45 |    47 ||    92

Table legend: (Time is in decaauts)
 A = Elapsed time spent in this place.
 B = Non-inter-level travel time spent in this place.
 C = Inter-level travel time spent in this place.
 D = Time resting spent in this place.
 E = Time spent auto-exploring this place.
 F = Levels seen in this place.
 G = Mean time per level.
                   A        B        C        D        E       F      G
               +--------+--------+--------+--------+--------+-----+--------+
         Total |   5553 |   5313 |    240 |    413 |   4015 |   5 | 1110.6 |
       Dungeon |   5553 |   5313 |    240 |    413 |   4015 |   5 | 1110.6 |
               +--------+--------+--------+--------+--------+-----+--------+

Top non-repeatable levels by time:
     D:1: 1514 daAuts
     D:4: 1219 daAuts
     D:3: 1190 daAuts
     D:2: 860 daAuts
     D:5: 769 daAuts
